Map: Old Republic LE

Players

GhostRobo - Winner!

  • Race: Terran Terran
  • League: Silver
  • Spawn Location: 1:00

MasterBam

  • Race: Terran Terran
  • League: Silver
  • Spawn Location: 7:00

VOD

Have the link to the VOD?

Description

Time

  • Played on: Jan. 16, 2026, 12:06 p.m.
  • Length: 19:09
Show
View Real Time Build Order
Export as new Build Order

GhostRobo Terran - Winner!

Build Orders: Reaper Expand 

Get SALT Encoding   

  12  0:13  SCV  
  13  0:25  SCV  
  14  0:29  Supply Depot  
  14  0:37  SCV  
  15  0:51  SCV  
  15  0:52  Barracks  
  16  0:58  Refinery  
  16  1:03  SCV  
  17  1:15  SCV  
  18  1:27  SCV  
  19  1:45  Reaper  
  20  1:49  Command Center  
  20  1:50  Orbital Command  
  20  2:01  Supply Depot  
  20  2:16  SCV  
  20  2:20  Marine  
  22  2:28  Factory  
  22  2:29  SCV  
  23  2:38  Bunker  
  23  2:40  Barracks Reactor  
  23  2:41  SCV  
  24  2:47  Barracks Reactor  
  24  2:53  SCV  
  25  3:01  Orbital Command  
  25  3:06  SCV  
  26  3:19  Factory Tech Lab  
  26  3:25  SCV  
  27  3:34  Refinery, SCV  
  27  3:38  SCV  
  29  3:41  Starport  
  29  3:46  SCV  
  29  3:47  Marine x2  
  32  3:50  SCV  
  33  3:58  SCV  
  34  4:09  SCV  
  35  4:11  Marine x2, SCV  
  38  4:18  Supply Depot  
  38  4:21  SCV  
  38  4:22  Supply Depot  
  39  4:28  Supply Depot  
  39  4:29  Starport Reactor  
  39  4:32  Supply Depot  
  39  4:34  Barracks  
  39  4:35  SCV x2  
  39  4:37  Siege Tank  
  44  4:39  Marine x2  
  44  4:42  Barracks  
  46  4:53  Supply Depot  
  46  4:57  Marine x2  
  47  5:09  Engineering Bay x2  
  47  5:14  Marine  
  47  5:15  Marine  
  47  5:18  Viking x2  
  53  5:25  Barracks Tech Lab  
  53  5:32  Marine x2  
  55  5:35  Barracks Tech Lab  
  55  5:47  Missile Turret  
  55  5:48  Medivac  
  50  5:50  Marine x2  
  45  6:04  Marine x2  
  45  6:06  Siege Tank  
  45  6:08  Marine x2  
  52  6:22  Marine x2  
  53  6:26  Marine x2  
  55  6:34  Missile Turret  
  55  6:35  Missile Turret  
  55  6:38  Missile Turret, Siege Tank  
  58  6:40  Marine x2  
  58  6:43  Marine  
  58  6:44  Marine  
  62  6:49  Orbital Command  
  62  6:57  Marine  
  62  7:00  Stimpack  
  62  7:01  Combat Shield  
  63  7:08  Barracks x2  
  63  7:33  Orbital Command  
  58  8:45  Refinery  
  58  8:46  Refinery  
  58  8:58  Supply Depot  
  58  8:59  Supply Depot  
  58  9:02  Supply Depot x3  
  58  9:05  Supply Depot  
  58  9:19  Marine  
  58  9:20  Siege Tank  
  58  9:21  Marine x3, SCV x2  
  58  9:22  Supply Depot  
  67  9:26  Supply Depot  
  67  9:33  SCV x2  
  67  9:37  Marine  
  70  9:39  Marine x3  
  70  9:45  SCV x2  
  75  9:50  Barracks Tech Lab  
  75  9:52  Barracks Reactor, Siege Tank  
  78  9:55  Marine  
  78  9:56  Marine  
  78  9:57  SCV x2  
  78  9:59  Missile Turret  
  82  10:09  SCV x2  
  83  10:21  SCV x2  
  83  10:24  Siege Tank  
  82  10:34  SCV x2  
  80  10:40  Marine x4  
  78  10:45  Marine x2  
  78  10:46  Marine, SCV x2  
  78  10:47  Medivac x2  
  87  10:56  Siege Tank  
  90  10:58  Marine x4  
  90  11:01  SCV x2  
  90  11:03  Marine  
  97  11:05  Marine  
  97  11:06  Marine  
  99  11:13  Terran Infantry Weapons Level 1  
  99  11:16  Marine x4  
  99  11:17  Medivac, Terran Infantry Armor Level 1, Viking  
  107  11:19  Command Center  
  107  11:21  Marine  
  108  11:28  Siege Tank  
  111  11:33  Missile Turret  
  111  11:34  Marine x4  
  115  11:47  Viking  
  115  11:48  Marine  
  118  11:57  Supply Depot  
  118  12:18  Marine x6, Medivac  
  126  12:29  Supply Depot  
  126  12:30  Supply Depot, Marine, Viking  
  126  12:31  SCV x2, Siege Tank  
  126  12:36  Marine x4  
  138  12:37  Orbital Command  
  138  12:48  Viking, Marine  
  141  13:00  Viking  
  120  13:46  Marine x7  
  120  13:47  Siege Tank  
  120  13:59  Medivac x2  
  124  14:03  Marine  
  124  14:04  Marine x6  
  131  14:16  SCV x3  
  134  14:19  Siege Tank  
  134  14:21  Marine  
  134  14:22  Marine x6  
  144  14:28  SCV x3  
  144  14:29  Medivac  
  149  14:39  Marine x3  
  149  14:40  SCV  
  149  14:41  SCV  
  144  14:50  Refinery  
  144  14:51  Siege Tank  
  137  14:53  Marine x4, Refinery  
  137  14:57  Marine x3  
  144  15:11  Marine x2  
  144  15:17  Marine x2  
  144  15:18  Marine x3  
  149  15:23  Siege Tank  
  152  15:29  Marine x2  
  152  15:35  Marine x3  
  157  16:12  Marine x2  
  157  16:15  Marine, Widow Mine  
  152  16:24  Viking x2  
  156  16:25  Marine  
  157  16:38  Marine x2  
  157  16:47  Marine x2  
  157  16:49  Siege Tank, Marine  
  157  16:50  Marine  
  157  16:51  Marine  
  157  16:54  Medivac  
  156  16:56  Marine  
  157  17:20  Marine x2, Medivac, Supply Depot  
  157  17:22  Marine x5  
  157  17:23  Supply Depot  
  157  17:24  Medivac  
  157  17:25  Siege Tank, Supply Depot  
  157  17:27  Supply Depot  
  147  17:31  Command Center  
  147  17:38  Marine  
  147  17:40  Marine x3  
  149  17:50  Medivac  
  151  17:54  Medivac  
  151  17:55  Marine x4  
  151  17:57  Siege Tank, Marine  
  151  17:58  Marine x2  
  163  18:13  Marine x4  
  163  18:15  Marine x2  
  163  18:16  Marine  
  164  18:20  Medivac  
  164  18:24  Medivac  
  168  18:29  Siege Tank  
  168  18:30  Marine  
  168  18:31  Marine x3  
  168  18:33  Marine x3  
  178  18:39  Armory  
  178  18:48  Marine x3  
Show
View Real Time Build Order
Export as new Build Order

MasterBam Terran 

Build Orders: 1/1/1 

Get SALT Encoding   

  12  0:06  SCV  
  13  0:15  Supply Depot  
  13  0:19  SCV  
  14  0:27  Refinery  
  14  0:31  SCV  
  15  0:44  Barracks  
  15  0:47  SCV  
  16  0:59  SCV  
  17  1:11  SCV  
  17  1:16  Refinery  
  18  1:24  SCV  
  19  1:36  SCV, Factory  
  19  1:39  Barracks Tech Lab  
  20  1:48  SCV  
  21  2:00  SCV  
  22  2:12  SCV  
  23  2:19  Barracks Reactor  
  23  2:20  Supply Depot  
  23  2:28  Starport  
  23  2:32  Orbital Command  
  23  2:43  Siege Tank  
  26  2:55  Marine x2  
  28  3:06  Starport Reactor  
  28  3:13  Marine x2  
  30  3:39  Engineering Bay  
  30  3:48  Supply Depot  
  30  3:49  Siege Tank  
  30  3:52  Medivac  
  30  3:55  Medivac  
  37  3:58  Marine x2  
  39  4:08  Missile Turret  
  39  4:15  Missile Turret  
  39  4:16  Marine x2  
  41  4:23  Siege Tank  
  44  4:33  Marine  
  44  4:34  Marine  
  46  4:41  Missile Turret  
  46  4:43  Missile Turret  
  46  4:45  Liberator  
  49  5:24  Hi-Sec Auto Tracking  
  49  5:26  Barracks  
  49  5:31  Missile Turret  
  40  6:41  Barracks Tech Lab  
  40  6:46  Viking x2  
  44  6:47  Command Center  
  44  6:48  Cyclone  
  44  6:50  Marine x2  
  45  7:58  Liberator x2  
  51  8:01  Marine x3  
  51  8:03  Combat Shield  
  54  8:05  Terran Infantry Weapons Level 1  
  54  8:16  SCV  
  55  8:29  SCV, Planetary Fortress  
  55  8:30  Starport  
  56  8:39  Missile Turret x2  
  56  8:41  SCV, Refinery  
  57  8:43  Refinery  
  57  8:48  Missile Turret  
  57  8:51  Missile Turret  
  57  8:53  SCV  
  57  8:55  Medivac x2  
  60  8:57  Marine  
  60  8:58  Marine x2  
  65  9:05  SCV  
  65  9:09  Engineering Bay  
  66  9:12  Armory  
  66  9:20  Supply Depot  
  66  9:33  Starport Tech Lab  
  66  9:38  Missile Turret  
  66  9:39  SCV  
  67  9:51  SCV  
  68  9:57  Stimpack  
  68  9:58  Missile Turret  
  68  10:03  SCV  
  43  10:45  Siege Tank  
  43  10:47  Marine x3  
  49  10:57  Liberator  
  49  11:02  Bunker  
  52  11:05  Marine x3  
  52  11:08  Terran Infantry Armor Level 1  
  55  11:17  Siege Tank, SCV  
  59  11:23  Terran Infantry Weapons Level 2  
  59  11:29  SCV  
  52  12:26  Medivac x3  
  58  12:30  Marine x3  
  61  12:41  Siege Tank  
  64  12:48  Marine x3  
  67  13:06  Marine x3  
  70  13:13  Siege Tank  
  65  13:23  Marine  
  65  13:24  Marine x2  
  52  13:42  Marine  
  50  13:59  SCV  
  51  14:03  Siege Tank  
  51  14:06  Marine x3  
  57  14:10  Viking x3  
  57  14:11  SCV  
  57  14:15  Terran Infantry Armor Level 2  
  64  14:23  Marine  
  64  14:24  SCV, Marine x2  
  68  14:35  Siege Tank  
  68  14:36  SCV  
  72  14:40  Medivac  
  72  14:41  Marine  
  72  14:42  Marine x2  
  77  14:48  SCV  
  71  14:59  Marine  
  72  15:00  Marine x2  
  72  15:07  Siege Tank  
  73  15:14  Viking  
  73  15:15  Viking x2  
  73  15:17  Marine x2  
  73  15:18  Marine  
  82  15:35  Marine x3  
  83  15:39  Siege Tank  
  88  15:53  Barracks, Marine x3  
  91  16:00  Missile Turret  
  87  16:11  Marine x2, Cyclone  
  77  16:26  Viking x3  
  77  16:31  Terran Infantry Weapons Level 3  
  77  16:32  Terran Infantry Armor Level 3  
  83  16:35  Barracks Reactor  
  83  16:42  Barracks Reactor  
  83  16:43  Barracks, Cyclone  
  72  17:52  Barracks Tech Lab  
  72  18:01  Marine  
  72  18:02  Marine x5  
  62  18:19  Marine x2  
  57  18:20  Marine x4  
  61  18:37  Marine x6  
Tags
 
Add a new tag
Caveats
  • Supply blocks, unpowered buildings, or Contaminate may cause inaccurate times.
  • Supply counts are checked every 10 seconds.